 Dungeon Crawl Stone Soup version 0.30-a0-305-g026cb31310 (webtiles) character file.

Game seed: 17744163191911058259

3430 Lobster4 the Protected (level 10, -3/65 (77) HPs)
             Began as a Gnoll Wanderer on Oct 23, 2022.
             Was an Initiate of Gozag.
             Slain by a wight
             ... wielding a +5 falchion of freezing
              (6 damage)
             ... on level 9 of the Dungeon.
             The game lasted 00:28:35 (9080 turns).

Lobster4 the Protected (Gnoll Wanderer)             Turns: 9080, Time: 00:28:35

HP:   -3/65 (77)    AC: 15    Str: 15    XL:     10   Next: 5%
MP:   20/20         EV: 11    Int: 19    God:    Gozag
Gold: 334           SH:  0    Dex:  8    Spells: 20/22 levels left

rFire   . . .      SeeInvis .    a - +2 spear
rCold   . . .      Faith    .    (no shield)
rNeg    . . .      Spirit   .    y - +0 scale mail
rPois   .          Reflect  .    E - +0 helmet {Int+3}
rElec   .          Harm     .    i - +0 cloak
rCorr   +          Rampage  .    (no gloves)
Will    .....                    (no boots)
Stlth   +.........               A - amulet of the acrobat
HPRegen 0.30/turn                v - ring of resist corrosion
MPRegen 0.17/turn                G - +4 ring of protection

@: gold aura, heavily drained
A: fangs 1, strong nose, distributed training
a: Renounce Religion, Potion Petition, Call Merchant, Bribe Branch


You were on level 9 of the Dungeon.
You worshipped Gozag.
Gozag was aware of your devotion.
You visited 2 branches of the dungeon, and saw 10 of its levels.

You collected 677 gold pieces.
You spent 202 gold pieces at shops.
You paid 141 gold pieces to Gozag.

Inventory:

Hand Weapons
 a - a +2 spear (weapon)
 b - a +0 shortbow
 k - a +0 war axe
 u - a +0 sling
Missiles
 c - a throwing net
 l - 2 boomerangs
 p - 2 poisoned darts
 s - 3 atropa-tipped darts
 D - 6 javelins (quivered)
Armour
 f - a +0 helmet
 i - a +0 cloak (worn)
 j - a +0 leather armour
 y - a +0 scale mail (worn)
 B - a +0 robe of willpower
 E - a +0 helmet of intelligence (worn)
Magical Staves
 t - a staff of conjuration
Jewellery
 e - a ring of flight
 v - a ring of resist corrosion (left hand)
 A - an amulet of the acrobat (around neck)
 G - a +4 ring of protection (right hand)
 H - an amulet of reflection
Wands
 z - a wand of light (1)
Scrolls
 h - 2 scrolls of teleportation
 n - 2 scrolls of fear
 q - a scroll of amnesia
 r - a scroll of immolation
 C - a scroll of identify
Potions
 d - a potion of heal wounds {unknown}
 g - 4 potions of magic
 m - 3 potions of lignification
 w - a potion of flight
 x - a potion of cancellation
 F - a potion of brilliance
 I - 2 potions of haste


   Skills:
 + Level 6.6 Fighting
 + Level 6.0 Short Blades
 + Level 6.0 Long Blades
 + Level 6.0 Axes
 + Level 6.0 Maces & Flails
 + Level 9.0 Polearms
 + Level 6.0 Staves
 + Level 6.0 Ranged Weapons
 + Level 6.0 Throwing
 + Level 9.0 Armour
 + Level 6.6 Dodging
 + Level 6.0 Stealth
 + Level 6.0 Shields
 + Level 6.0 Unarmed Combat
 + Level 6.7 Spellcasting
 + Level 5.0 Conjurations
 + Level 5.0 Hexes
 + Level 5.0 Summonings
 + Level 5.0 Necromancy
 + Level 5.0 Translocations
 + Level 5.4 Transmutations
 + Level 5.0 Fire Magic
 + Level 5.0 Ice Magic
 + Level 5.0 Air Magic
 + Level 5.0 Earth Magic
 + Level 5.0 Poison Magic
 + Level 6.6 Invocations
 + Level 6.0 Evocations


You had 20 spell levels left.
You knew the following spells:

 Your Spells              Type           Power      Damage    Failure   Level
a - Sting                 Tmut/Pois      100%       1d8       3%          1
b - Sandblast             Erth           50%        2d12      4%          1

Your spell library contained the following spells:

 Spells                   Type           Power      Damage    Failure   Level
 Apportation              Tloc           50%        N/A       4%          1
 Foxfire                  Conj/Fire      100%       2x1d9     4%          1
 Freeze                   Ice            100%       1d10      4%          1
 Necrotise                Necr           100%       1d9       4%          1
 Summon Small Mammal      Summ           100%       N/A       4%          1
 Passwall                 Tmut/Erth      21%        N/A       5%          2
 Frozen Ramparts          Ice            50%        1d8       12%         3
 Gell's Gravitas          Tloc           25%        N/A       12%         3
 Hailstorm                Conj/Ice       25%        3d7       12%         3
 Ignite Poison            Fire/Tmut/Pois 26%        N/A       12%         3
 Lesser Beckoning         Tloc           50%        N/A       12%         3
 Stone Arrow              Conj/Erth      50%        3d10      12%         3
 Teleport Other           Tloc           25%        N/A       12%         3
 Fireball                 Conj/Fire      12%        3d7       75%         5
 Starburst                Conj/Fire      12%        6d5       99%         6


Dungeon Overview and Level Annotations

Branches:
Dungeon (9/15)             Temple (1/1) D:7
   Lair: D:8-11         Orc: D:9-12

Altars:
Ashenzari
Cheibriados
Dithmenos
Elyvilon
Fedhas
Gozag
Hepliaklqana
Kikubaaqudgha
Makhleb
Nemelex Xobeh
Okawaru
Qazlal
Ru
Sif Muna
Trog
Uskayaw
Vehumet
Wu Jian
Xom
Yredelemnul
Zin

Shops:
D:1 =   D:2 (=([   D:4 (

Annotations:
D:5 Duvessa
D:7 Maggie
D:8 Erica


Innate Abilities, Weirdness & Mutations

You have very sharp teeth.
Your uncanny sense of smell can sniff out nearby items.
Your experience applies equally to all skills.


Message History

You hit the wight.
The wight is severely damaged.
The wight is no longer distracted by gold.
The wight misses you.
The wight hits you with a +5 falchion of freezing.
You feel drained. The wight freezes you. The wight hits you but does no damage.
You hit the wight.
The wight is almost destroyed.
You hit the wight but do no damage.
The wight is almost destroyed.
The wight barely misses you.
The wight hits you with a +5 falchion of freezing.
You feel drained. The wight freezes you. The wight hits you with a +0 flail.
You feel drained.
You hit the wight.
You destroy the wight!
The wight misses you. The wight completely misses you. The wight misses you.
The wight completely misses you.
Things that are here:
7 gold pieces; a +0 flail; a +0 robe You hit the wight.
The wight is moderately damaged.
You hit the wight but do no damage.
The wight is moderately damaged.
The wight barely misses you.
The wight hits you with a +5 falchion of freezing.
* * * LOW HITPOINT WARNING * * *
You feel drained.
* * * LOW HITPOINT WARNING * * *
The wight freezes you.
* * * LOW HITPOINT WARNING * * *
You barely miss the wight.
The wight is moderately damaged.
The wight hits you with a +0 war axe!
* * * LOW HITPOINT WARNING * * *
You feel drained.
* * * LOW HITPOINT WARNING * * *
The wight hits you with a +5 falchion of freezing.
You die...
Your body crumbles into a pile of gold.

∆ ###### .
#.z$.##....
#z@<.......
#..........
#..........
#..........
#######..##
..# .# #


You could see 2 wights.

Vanquished Creatures
  Prince Ribbit (D:7)
  Grinder (D:4)
  2 steam dragons
  A water moccasin (D:6)
  A sky beast (D:8)
  A black bear (D:5)
  2 ogres
  3 centaurs
  A phantom (D:6)
  Blork the orc (D:5)
  A necrophage (D:6)
  A bullfrog (D:7)
  A scorpion (D:6)
  5 wights
  6 killer bees (D:8)
  A howler monkey (D:7)
  2 hounds (D:5)
  An orc priest (D:7)
  Crazy Yiuf (D:2)
  2 iguanas
  3 orc wizards
  8 adders
  2 gnolls (D:8)
  2 white imps
  2 worms
  A dart slug (D:4)
  20 orcs
  8 endoplasms
  2 giant cockroaches
  6 goblins
  11 hobgoblins
  8 jackals
  4 quokkas
  6 ball pythons
  4 bats
  4 frilled lizards
  7 kobolds
  22 rats
155 creatures vanquished.

Vanquished Creatures (collateral kills)
  Dowan (D:5)
1 creature vanquished.

Vanquished Creatures (others)
  2 fungi (D:1)
2 creatures vanquished.

Grand Total: 158 creatures vanquished

Notes
Turn   | Place    | Note
-------+----------+-------------------------------------------
     0 | D:1      | Lobster4 the Gnoll Wanderer began the quest for the Orb.
     0 | D:1      | Lobster4 set off with the following items: a +2 spear, a +0
                  | scale mail, a potion of curing; and the following spell
                  | memorised: Sting; and the following spells available to
                  | memorise: Ignite Poison.
     0 | D:1      | Reached XP level 1. HP: 17/17 MP: 4/4
   222 | D:1      | Reached XP level 2. HP: 23/23 MP: 5/5
   267 | D:1      | Found Sunusiun's One-of-a-Kind Rings.
   334 | D:1      | Found a faded altar of an unknown god.
   589 | D:2      | Reached XP level 3. HP: 27/28 MP: 7/7
   592 | D:2      | Reached skill level 1 in Invocations
   632 | D:2      | Reached skill level 1 in Short Blades
   632 | D:2      | Reached skill level 1 in Long Blades
   632 | D:2      | Reached skill level 1 in Axes
   632 | D:2      | Reached skill level 1 in Maces & Flails
   632 | D:2      | Reached skill level 1 in Staves
   632 | D:2      | Reached skill level 1 in Ranged Weapons
   632 | D:2      | Reached skill level 1 in Throwing
   632 | D:2      | Reached skill level 1 in Stealth
   632 | D:2      | Reached skill level 1 in Shields
   632 | D:2      | Reached skill level 1 in Unarmed Combat
   632 | D:2      | Reached skill level 1 in Evocations
   632 | D:2      | Reached XP level 4. HP: 19/34 MP: 8/8
   774 | D:2      | Found Wucalid's Antique Weapon Shoppe.
   861 | D:2      | Reached skill level 1 in Conjurations
   861 | D:2      | Reached skill level 1 in Hexes
   861 | D:2      | Reached skill level 1 in Summonings
   861 | D:2      | Reached skill level 1 in Necromancy
   861 | D:2      | Reached skill level 1 in Translocations
   861 | D:2      | Reached skill level 1 in Fire Magic
   861 | D:2      | Reached skill level 1 in Ice Magic
   861 | D:2      | Reached skill level 1 in Air Magic
   861 | D:2      | Reached skill level 1 in Earth Magic
   861 | D:2      | Reached skill level 1 in Poison Magic
   875 | D:2      | Found Ammirupp's Antique Armour Shop.
  1029 | D:2      | Found Ruitil's Weapon Boutique.
  1050 | D:2      | Found a runed translucent door.
  1051 | D:2      | Noticed Crazy Yiuf
  1133 | D:2      | Found Diezas's Jewellery Shoppe.
  1571 | D:3      | Reached XP level 5. HP: 40/40 MP: 9/9
  1822 | D:3      | Noticed an ogre
  2296 | D:3      | Killed an ogre
  2297 | D:3      | Reached XP level 6. HP: 14/47 MP: 9/11
  2666 | D:4      | Noticed Grinder
  2746 | D:4      | Found Effuw's Weapon Shop.
  2940 | D:4      | Paralysed by Grinder for 4 turns
  3061 | D:4      | Paralysed by Grinder for 2 turns
  3081 | D:4      | Paralysed by Grinder for 5 turns
  3091 | D:4      | Killed Grinder
  3092 | D:4      | Reached XP level 7. HP: 52/52 MP: 12/12
  3474 | D:5      | Entered Level 5 of the Dungeon
  3526 | D:5      | Noticed Blork the orc
  3560 | D:5      | Killed Blork the orc
  4079 | D:5      | Reached skill level 5 in Short Blades
  4079 | D:5      | Reached skill level 5 in Long Blades
  4079 | D:5      | Reached skill level 5 in Axes
  4079 | D:5      | Reached skill level 5 in Maces & Flails
  4079 | D:5      | Reached skill level 5 in Staves
  4079 | D:5      | Reached skill level 5 in Ranged Weapons
  4079 | D:5      | Reached skill level 5 in Throwing
  4079 | D:5      | Reached skill level 5 in Stealth
  4079 | D:5      | Reached skill level 5 in Shields
  4079 | D:5      | Reached skill level 5 in Unarmed Combat
  4079 | D:5      | Reached skill level 5 in Transmutations
  4079 | D:5      | Reached skill level 5 in Invocations
  4079 | D:5      | Reached skill level 5 in Evocations
  4079 | D:5      | Reached XP level 8. HP: 64/64 MP: 13/17
  4427 | D:5      | Noticed Dowan
  4459 | D:5      | Killed Dowan
  4498 | D:5      | Noticed Duvessa
  5065 | D:6      | Reached XP level 9. HP: 69/69 MP: 18/18
  5256 | D:6      | HP: 2/69 [steam dragon/ball of steam (13)]
  6112 | D:7      | Noticed Prince Ribbit
  6116 | D:7      | Learned a level 1 spell: Sandblast
  6136 | D:7      | Noticed Maggie
  6536 | D:7      | Found a staircase to the Ecumenical Temple.
  6571 | Temple   | Entered the Ecumenical Temple
  6766 | Temple   | Became a worshipper of Gozag Ym Sagoz the Greedy
  7157 | D:7      | Killed Prince Ribbit
  7614 | D:8      | Noticed Erica
  7803 | D:8      | HP: 2/71 [steam dragon/ball of steam (11)]
  8523 | D:2      | Bought a runed helmet for 202 gold pieces
  8625 | D:2      | Killed Crazy Yiuf
  8925 | D:8      | Reached XP level 10. HP: 66/76 MP: 20/20
  9060 | D:9      | Reached skill level 5 in Conjurations
  9060 | D:9      | Reached skill level 5 in Hexes
  9060 | D:9      | Reached skill level 5 in Summonings
  9060 | D:9      | Reached skill level 5 in Necromancy
  9060 | D:9      | Reached skill level 5 in Translocations
  9060 | D:9      | Reached skill level 5 in Fire Magic
  9060 | D:9      | Reached skill level 5 in Ice Magic
  9060 | D:9      | Reached skill level 5 in Air Magic
  9060 | D:9      | Reached skill level 5 in Earth Magic
  9060 | D:9      | Reached skill level 5 in Poison Magic
  9080 | D:9      | HP: 3/65 [wight/+0 war axe (4)]
  9080 | D:9      | Slain by a wight

Illustrated notes

Levels and vault maps discovered:
D:1:      roderic_dead_forest, layout_rooms,
          shapermc_ecumenical_altar_mp_ritualfount, nicolae_shop_unique_rings
D:2:      layout_loops_ring, serial_shops, shop_coins,
          nicolae_shop_bloodbath_and_beyond, nicolae_shop_window_shopping,
          nicolae_shop_crystal, minmay_rat_hole, uniq_crazy_yiuf_cottage
D:3:      layout_loops_ring, minmay_misc_feat_chi, reono_crystal_passage
D:4:      layout_basic, serial_shops, nicolae_stop_n_shop_1, uniq_grinder
D:5:      layout_basic, minmay_liquid_box, uniq_duvessa, uniq_blork_the_orc
D:6:      layout_basic, minmay_misc_feat_tower, hangedman_glass_teeth
D:7:      layout_loops_ring, temple_pool_b, uniq_maggie, uniq_prince_ribbit1
D:8:      layout_loops_ring, uniq_erica
D:9:      layout_gridville, lemuel_round_altar, statue_in_the_mist_lemuel,
          solitary_fountain, grunt_ministairs_10
Temple:   roderic_octagonal_lattice_temple

Skill      XL: |  1  2  3  4  5  6  7  8  9 10 |
---------------+-------------------------------+-----
Transmutations | 2 5 |  5.4
Invocations    | 1 2 5 6 |  6.6
Short Blades   | 1 2 5 6 |  6.0
Long Blades    | 1 2 5 6 |  6.0
Axes           | 1 2 5 6 |  6.0
Maces & Flails | 1 2 5 6 |  6.0
Staves         | 1 2 5 6 |  6.0
Ranged Weapons | 1 2 5 6 |  6.0
Throwing       | 1 2 5 6 |  6.0
Stealth        | 1 2 5 6 |  6.0
Shields        | 1 2 5 6 |  6.0
Unarmed Combat | 1 2 5 6 |  6.0
Spellcasting   | 3 6 |  6.7
Evocations     | 1 2 5 6 |  6.0
Conjurations   | 1 4 5 |  5.0
Hexes          | 1 4 5 |  5.0
Summonings     | 1 4 5 |  5.0
Necromancy     | 1 4 5 |  5.0
Translocations | 1 4 5 |  5.0
Fire Magic     | 1 4 5 |  5.0
Ice Magic      | 1 4 5 |  5.0
Air Magic      | 1 4 5 |  5.0
Earth Magic    | 1 4 5 |  5.0
Poison Magic   | 1 4 5 |  5.0
Fighting       | 3 6 |  6.6
Dodging        | 3 6 |  6.6
Polearms       | 7 8 9 |  9.0
Armour         | 7 8 9 |  9.0

Action                   |  1- 3 |  4- 6 |  7- 9 | 10-12 || total
-------------------------+-------+-------+-------+-------++-------
Melee: Spear             |    90 |   244 |   502 |    37 ||   873
       Bite              |     3 |    11 |    37 |     1 ||    52
       Punch             |     1 |     5 |     8 |     3 ||    17
 Fire: Shortbow          |       |       |     7 |       ||     7
Throw: Dart              |     3 |    15 |    21 |     5 ||    44
       Javelin           |       |     3 |     6 |       ||     9
 Cast: Sting             |       |       |     1 |       ||     1
Evoke: Wand              |       |       |     4 |       ||     4
  Use: Scroll            |       |    10 |    13 |     1 ||    24
       Potion            |       |     2 |     7 |       ||     9
 Stab: Distracted        |       |       |     2 |       ||     2
       Invisible         |       |       |     3 |       ||     3
       Sleeping          |       |       |     1 |     1 ||     2
Armor: Scale mail        |    38 |    63 |   208 |    11 ||   320
       Skin              |       |     5 |       |       ||     5
Dodge: Dodged            |    26 |    60 |   199 |    29 ||   314

Table legend: (Time is in decaauts)
 A = Elapsed time spent in this place.
 B = Non-inter-level travel time spent in this place.
 C = Inter-level travel time spent in this place.
 D = Time resting spent in this place.
 E = Time spent auto-exploring this place.
 F = Levels seen in this place.
 G = Mean time per level.
                   A        B        C        D        E       F      G
               +--------+--------+--------+--------+--------+-----+--------+
         Total |   8798 |   8067 |    731 |   1046 |   5179 |  10 |  879.8 |
       Dungeon |   8511 |   7799 |    712 |   1046 |   4938 |   9 |  945.7 |
        Temple |    286 |    267 |     19 |      0 |    241 |   1 |  286.0 |
               +--------+--------+--------+--------+--------+-----+--------+

Top non-repeatable levels by time:
     D:5: 1323 daAuts
     D:6: 1284 daAuts
     D:7: 1159 daAuts
     D:2: 1151 daAuts
     D:3: 1096 daAuts
     D:8: 1062 daAuts
     D:4: 864 daAuts
     D:1: 548 daAuts
  Temple: 286 daAuts
     D:9: 19 daAuts
